 Dungeon Crawl Stone Soup version 0.31-a0-740-g87205ac768 (webtiles) character file.

Game seed: 9273100547273042201

150 ytrimaz the Insei (level 4, -1/34 HPs)
             Began as a Demigod Shapeshifter on Sept 12, 2023.
             Slain by an iguana (9 damage)
             ... on level 4 of the Dungeon.
             The game lasted 00:03:58 (3304 turns).

ytrimaz the Insei (Demigod Shapeshifter)            Turns: 3304, Time: 00:03:59

Health: -1/34      AC:  2    Str: 15    XL:     4   Next: 84%
Magic:  6/6        EV: 12    Int: 12    God:
Gold:   152        SH:  0    Dex: 17    Spells: 3/3 levels left

rFire   . .          .
                       - Unarmed
rCold   . . .        (no shield)
rNeg    . . .        a - +0 animal skin
rPois   .            (helmet currently unavailable)
rElec   .            (cloak currently unavailable)
rCorr   +            (gloves currently unavailable)
SInv    .            (boots currently unavailable)
Will    .....        p - amulet of magic regeneration
Stlth   ++           r - ring of resist corrosion
HPRegen 0.25/turn    (no ring)
MPRegen 0.50/turn

%: no passive effects
@: beast-form
A: beast (slay +2), high MP 1, forlorn, divine attributes
a: Begin Untransformation


You were on level 4 of the Dungeon.
You were a hulking beast.
You visited 1 branch of the dungeon, and saw 4 of its levels.

You collected 152 gold pieces.


Innate Abilities, Weirdness & Mutations

You are a hulking beast.
Your limbs bulge with bestial killing power. (Slay +2)
You have an increased reservoir of magic. (+10% MP)
You shall have no god before yourself.
Your divine heritage dramatically boosts your attributes as you level up.


   Skills:
 - Level 0.8 Fighting
 - Level 1.7 Dodging
 + Level 4.2 Unarmed Combat
 + Level 4.0 Shapeshifting


You had 3 spell levels left.
You didn't know any spells.
Your spell library contained the following spells:

 Spells                   Type           Power      Damage    Failure   Level
 Foxfire                  Conj/Fire      0%         2x1d4     32%         1
 Cigotuvi's Dreadful Rot  Necr/Pois/Air  0%         N/A       45%         2
 Inner Flame              Hex/Fire       0%         N/A       69%         3
 Dispel Undead            Necr           0%         3d6       97%         4
 Yara's Violent Unravell  Hex/Tmut       0%         3d3       100%        5
 Death Channel            Necr           0%         N/A       100%        6
 Plasma Beam              Fire/Air       0%         2x1d10    100%        6
 Starburst                Conj/Fire      0%         6d3       100%        6
 Enfeeble                 Hex            0%         N/A       100%        7

Inventory:

Armour
 a - a +0 animal skin (worn)
 f - a +0 pair of gloves
   (You found it on level 1 of the Dungeon)
Jewellery
 p - an amulet of magic regeneration (around neck)
   (You found it on level 2 of the Dungeon)
 r - a ring of resist corrosion (left hand)
   (You found it on level 2 of the Dungeon)
Talismans
 c - a beast talisman (active)
 d - a flux talisman
Wands
 q - a wand of polymorph (7)
   (You found it on level 2 of the Dungeon)
 x - a wand of flame (14)
   (You took it off Robin on level 3 of the Dungeon)
Scrolls
 g - a scroll of enchant armour {unknown}
 j - 3 scrolls of fear {unknown}
 l - a scroll of immolation {unknown}
 m - 3 scrolls of identify {unknown}
 n - a scroll of amnesia {unknown}
 o - a scroll of noise {unknown}
 u - a scroll of brand weapon {unknown}
 w - a scroll of teleportation {unknown}
Potions
 b - a potion of lignification
 e - 3 potions of heal wounds
 h - 4 potions of berserk rage {unknown}
 i - 3 potions of curing {unknown}
 k - 2 potions of haste {unknown}
 s - a potion of invisibility {unknown}
 t - a potion of might {unknown}
 v - a potion of ambrosia {unknown}

Dungeon Overview and Level Annotations

Branches:
Dungeon (4/15) Zot: 20708
 Temple: D:4-7

Annotations:
D:3 1 runed translucent door, Crazy Yiuf

##.# ##...## ##.....##
#...[...# #.......#
.#.=..... ......l.#
### #...h# #..
#.##.#.############.#
...................#.#
##.##.......######.#.#
# #.#.###.# #.#.#
...#.# #.# #.#.#
#.####.# #.# #.<.# #
#.# #.# ##### #.# #.#


You could see an iguana.


Message History

The hobgoblin hits you but does no damage.
You hit the hobgoblin.
You feel less wooden.
Your +0 animal skin unmelds from your body.
You turn into a hulking beast.
The hobgoblin closely misses you. 😮 HP[-11]
You now have 34 max hp (-17).
You hit the hobgoblin.
You kill the hobgoblin!
Unknown command.
You hit the goblin. The goblin closely misses you.
You hit the goblin.
You kill the goblin! 😮 HP[+1]
You closely miss the goblin. The goblin closely misses you.
You hit the goblin.
You kill the goblin!
Unknown command.
x - a wand of flame (14)
Items here: )))))) [[ ††. 😮 HP[+1] Unknown command.
Unknown command.
Key pressed, stopping explore.
Key pressed, stopping explore.
i - 2 metallic coppery potions (gained 1)
i - 3 metallic coppery potions (gained 1) Key pressed, stopping explore.
You see here a staff of earth.
There is a stone staircase leading up here.
Key pressed, stopping explore.
Found a runed translucent door. 😎 HP[+9]
Your hp is fully restored (34).
Crazy Yiuf shouts!
Crazy Yiuf says, "Lugonu!
Cards shoe blue."
Key pressed, stopping explore.
Key pressed, stopping explore.
Things that are here:
a +0 dagger; 2 atropa-tipped darts Key pressed, stopping explore.
Could not explore, unopened runed door.
Could not explore, unopened runed door.
There is a stone staircase leading down here.
You climb downwards.
The jelly quivers.
There is a stone staircase leading up here.
There are monsters nearby!
There are monsters nearby!
There are monsters nearby!
You hit the jelly.
Your hands burn!
You hit the jelly.
Your hands burn!
You punch the jelly!
The jelly hits you but does no damage. 😕 HP[-1]
You take 1 damage, and now have 33/34 hp.
You hit the jelly.
You kill the jelly!
The kobold hits you with a +0 dagger.
Your Shapeshifting skill increases to level 4! 😕 HP[-1]
You take 1 damage, and now have 32/34 hp.
Unknown command.
You hit the kobold.
You kill the kobold! 😕 HP[+1]
There is a stone staircase leading up here.
Things that are here:
a +0 dagger; a kobold corpse No target in view!
Unknown command.
No target in view!
An iguana comes into view.
The iguana hisses angrily. 😎 HP[+1]
Your hp is fully restored (34).
An iguana is nearby!
An iguana is nearby!
An iguana is nearby!
An iguana is nearby!
The iguana barely misses you.
You barely miss the iguana. The iguana bites you. 😕 HP[-3]
You take 3 damage, and now have 31/34 hp.
Unknown command.
You completely miss the iguana. The iguana bites you! 😮 HP[-12]
You take 12 damage, and now have 19/34 hp.
MASSIVE DAMAGE!! (PAUSE)
You barely miss the iguana. The iguana bites you.
* * * LOW HITPOINT WARNING * * *
You are too injured to fight recklessly! 😨 HP[-3]
You take 3 damage, and now have 16/34 hp.
You punch the iguana! The iguana bites you!
* * * LOW HITPOINT WARNING * * *
😱 HP[-8]
You take 8 damage, and now have 8/34 hp.
MASSIVE DAMAGE!! (PAUSE)
You hit the iguana. The iguana bites you!
You die...

Skill      XL: |  1  2  3  4 |
---------------+-------------+-----
Unarmed Combat | 3 4 |  4.2
Shapeshifting  | 3 4 |  4.0
Fighting       | |  0.8
Dodging        | |  1.7

Action                     |  1- 3 |  4- 6 || total
---------------------------+-------+-------++-------
  Melee: Unarmed           |   139 |    51 ||   190
         Punch             |       |     1 ||     1
    Use: Potion            |     1 |     1 ||     2
   Stab: Sleeping          |     3 |     1 ||     4
 Armour: Animal skin       |    85 |    16 ||   101
         Skin              |       |    25 ||    25
  Dodge: Dodged            |   100 |    13 ||   113

Levels and vault maps discovered:
D:1:      kennysheep_arrival_forest, layout_basic, roderic_roman_lattice
D:2:      layout_loops_corners, basic_altar, hangedman_decor_opposing,
          st_stairs_5, chequers_avenue, minmay_close_crescents
D:3:      layout_loops_ring, uniq_robin, uniq_crazy_yiuf_cottage
D:4:      layout_loops_ring, minmay_temple_entry_hall

Notes
Turn   | Place    | Note
-------+----------+-------------------------------------------
     0 | D:1      | ytrimaz the Demigod Shapeshifter began the quest for the
                  | Orb.
     0 | D:1      | Reached XP level 1. HP: 15/15 MP: 3/3
     0 | D:1      | magus.rc [v1.9.6]
   153 | D:1      | Reached skill level 3 in Unarmed Combat
   383 | D:1      | Reached skill level 3 in Shapeshifting
   383 | D:1      | Reached XP level 2. HP: 22/22 MP: 4/4
   658 | D:1      | You pick up a book of Misfortune and begin reading...
   658 | D:1      | You add the spells Inner Flame, Yara's Violent Unravelling
                  | and Enfeeble to your library.
  1152 | D:2      | Reached XP level 3. HP: 13/27 MP: 5/5
  1505 | D:2      | You pick up a book of Decay and begin reading...
  1505 | D:2      | You add the spells Cigotuvi's Dreadful Rot, Dispel Undead
                  | and Death Channel to your library.
  1557 | D:2      | HP: 6/27 [poisoned by an adder]
  1557 | D:2      | HP: 1/27 [adder (4)]
  1562 | D:2      | HP: 6/27 [poisoned by an adder]
  1567 | D:2      | HP: 2/27 [poisoned by an adder]
  2403 | D:3      | You pick up a book of Fire and begin reading...
  2403 | D:3      | You add the spells Foxfire, Plasma Beam and Starburst to
                  | your library.
  2638 | D:3      | Reached XP level 4. HP: 30/34 MP: 6/6
  2817 | D:3      | HP: 8/34 [poisoned by an adder]
  2822 | D:3      | HP: 4/34 [poisoned by an adder]
  2948 | D:3      | Noticed Robin
  2964 | D:3      | Killed Robin
  2966 | D:3      | Reached skill level 4 in Unarmed Combat
  3137 | D:3      | Found a runed translucent door.
  3138 | D:3      | Noticed Crazy Yiuf
  3277 | D:4      | Reached skill level 4 in Shapeshifting
  3303 | D:4      | HP: 8/34 [iguana (8)]
  3304 | D:4      | Slain by an iguana

Vanquished Creatures
  A jelly (D:4)
  Robin (D:3)
  4 adders
  3 dart slugs
  6 bats
  4 endoplasms
  A giant cockroach (D:1)
  17 goblins
  3 hobgoblins
  3 quokkas
  8 ball pythons
  3 frilled lizards
  6 kobolds
  6 rats
66 creatures vanquished.

Table legend:
 A = Non-vault XP
 B = Vault XP
 C = Vault XP percentage of total XP
 D = Non-vault monster count
 E = Vault monster count
 F = Vault count percentage of total count
                 A         B        C        D         E       F
            +---------+---------+-------+---------+---------+-------
      Total |     169 |      46 |  21.4 |      49 |      17 |  25.8
            +---------+---------+-------+---------+---------+-------
        D:1 |      32 |       0 |   0.0 |      19 |       0 |   0.0
        D:2 |      55 |      11 |  16.7 |      20 |       6 |  23.1
        D:3 |      38 |      35 |  47.9 |       8 |      11 |  57.9
        D:4 |      44 |       0 |   0.0 |       2 |       0 |   0.0
            +---------+---------+-------+---------+---------+-------

Skill      XL: |  1  2  3  4 |
---------------+-------------+-----
Unarmed Combat | 3 4 |  4.2
Shapeshifting  | 3 4 |  4.0
Fighting       | |  0.8
Dodging        | |  1.7

Action                     |  1- 3 |  4- 6 || total
---------------------------+-------+-------++-------
  Melee: Unarmed           |   139 |    51 ||   190
         Punch             |       |     1 ||     1
    Use: Potion            |     1 |     1 ||     2
   Stab: Sleeping          |     3 |     1 ||     4
 Armour: Animal skin       |    85 |    16 ||   101
         Skin              |       |    25 ||    25
  Dodge: Dodged            |   100 |    13 ||   113

Illustrated notes

Table legend:
 A = Kills in this place as a percentage of kills in the entire game.
 B = Kills by you in this place as a percentage of kills by you in the entire game.
 C = Kills by friends in this place as a percentage of kills by friends in the entire game.
 D = Other kills in this place as a percentage of other kills in the entire game.
 E = Experience gained in this place as a percentage of experience gained in the entire game.
 F = Experience gained in this place divided by the number of levels of this place that you have seen.
                   A       B       C       D       E      F
               +-------+-------+-------+-------+-------+----------------------
         Total | 100.0 | 100.0 |   N/A |   N/A | 100.0 |  53.8
       Dungeon | 100.0 | 100.0 |   N/A |   N/A | 100.0 |  53.8
               +-------+-------+-------+-------+-------+----------------------

Table legend: (Time is in decaauts)
 A = Elapsed time spent in this place.
 B = Non-inter-level travel time spent in this place.
 C = Inter-level travel time spent in this place.
 D = Time resting spent in this place.
 E = Time spent auto-exploring this place.
 F = Levels seen in this place.
 G = Mean time per level.
                   A        B        C        D        E       F      G
               +--------+--------+--------+--------+--------+-----+--------+
         Total |   3290 |   3230 |     60 |      0 |   2713 |   4 |  822.5 |
       Dungeon |   3290 |   3230 |     60 |      0 |   2713 |   4 |  822.5 |
               +--------+--------+--------+--------+--------+-----+--------+

Top non-repeatable levels by time:
     D:2: 1395 daAuts
     D:3: 935 daAuts
     D:1: 928 daAuts
     D:4: 30 daAuts
